 Dungeon Crawl Stone Soup version 0.32-a0-485-g70f7560b1c (webtiles) character file.

Game seed: 10604405171262720691

91 Malificent the Sneak (level 4, -4/35 HPs)
             Began as a Demonspawn Delver on Feb 26, 2024.
             Slain by an iguana (9 damage)
             ... on level 5 of the Dungeon.
             The game lasted 00:01:54 (174 turns).

Malificent the Sneak (Demonspawn Delver)             Turns: 174, Time: 00:01:55

Health: -4/35      AC:  5    Str: 14    XL:     4   Next: 34%
Magic:  4/4        EV: 12    Int: 10    God:
Gold:   0          SH:  0    Dex: 15    Spells: 3/3 levels left

rFire   . . .        a - +0 mace
rCold   . . .        (no shield)
rNeg    . . .        b - +0 leather armour
rPois   .            (no helmet)
rElec   .            (no cloak)
rCorr   .            (no gloves)
SInv    .            (no boots)
Will    .....        (no amulet)
Stlth   +++          (no ring)
HPRegen 0.25/turn    (no ring)
MPRegen 0.09/turn

%: no passive effects
@: wreathed by umbra
A: molten scales 1, foul shadow 2
a: no special abilities


You were on level 5 of the Dungeon.
You visited 1 branch of the dungeon, and saw 1 of its levels.

Inventory:

Hand Weapons
 a - a +0 mace (weapon)
Armour
 b - a +0 leather armour (worn)
Wands
 g - a wand of digging (3)
Scrolls
 c - a scroll of fog
 d - a scroll of revelation
 e - a scroll of fear
Potions
 f - a potion of haste


   Skills:
 + Level 3.3 Fighting
 + Level 2.0 Maces & Flails
 + Level 0.6 Armour
 + Level 2.0 Dodging
 + Level 5.7 Stealth
 + Level 0.2 Evocations


You had 3 spell levels left.
You didn't know any spells.
Your spell library was empty.

Dungeon Overview and Level Annotations

Branches:
Dungeon (5/15)
 Temple: D:4-7

Altars:

Annotations:
D:5 1 runed translucent door, dogverified's ghost, novice DEIE


Innate Abilities, Weirdness & Mutations

You are partially covered in molten scales. (AC +2)
You are shadowed, sometimes releasing foul flame when damaged in melee.


Message History

Your demonic ancestry asserts itself...
Your body darkens with foul flame.
You have reached level 3!
Your experience leads to an increase in your attributes!
Increase (S)trength, (I)ntelligence, or (D)exterity?
You feel stronger. x2; Your demonic ancestry asserts itself...
Your body becomes darker with foul flame.
You have reached level 4!
You feel agile.
Your demonic ancestry asserts itself...
Molten scales grow over part of your body.
Sorry, you're not good enough to have a special ability.
You start resting.
HP restored.
Sorry, you're not good enough to have a special ability.
Found a runed translucent door.
Dogverified's ghost turns its malevolent gaze towards you.
Dogverified's ghost keens inconsolably.
Dogverified's ghost says, "I hope the next monster to meet you likes frozen food!"
An iguana comes into view.
Okay, then.
You hit the iguana but do no damage.
The iguana bites you but does no damage.
The iguana bites you!
You barely miss the iguana. The iguana bites you!
You hit the iguana but do no damage. The iguana bites you.
You hit the iguana.
The iguana is lightly wounded.
The iguana bites you! x2
* * * LOW HITPOINT WARNING * * *
You barely miss the iguana.
The iguana is lightly wounded.
The iguana closely misses you.
Unknown command.
You hit the iguana.
The iguana is heavily wounded.
The iguana barely misses you.
You hit the iguana but do no damage.
The iguana is heavily wounded.
The iguana barely misses you. The iguana bites you!
You die...

..# ≈.. ..#
.≈ #.##.
#.#.# #..$
#..# # #..#
##. ###
#@l##....
...
##........
###
##...###...
##..
###...## #
###...
##....##
##..... ..
##...###
##...... ..
##...##
##.......
.##.##...##
#........
........##
#........


You could see an iguana.

Vanquished Creatures
  A black bear (D:5)
1 creature vanquished.

Notes
Turn   | Place    | Note
-------+----------+-------------------------------------------
     0 | D:5      | Malificent the Demonspawn Delver began the quest for the
                  | Orb.
     0 | D:5      | Reached XP level 1. HP: 18/18 MP: 1/1
     1 | D:5      | Noticed an ice beast
    56 | D:5      | Noticed a black bear
    74 | D:5      | Killed a black bear
    75 | D:5      | Reached skill level 5 in Stealth
    75 | D:5      | Gained mutation: You are faintly shadowed, very rarely
                  | releasing foul flame when damaged in melee. [demonic
                  | ancestry]
    75 | D:5      | Reached XP level 2. HP: 12/24 MP: 2/2
    75 | D:5      | Gained mutation: You are shadowed, sometimes releasing foul
                  | flame when damaged in melee. [demonic ancestry]
    75 | D:5      | Reached XP level 3. HP: 15/29 MP: 3/3
    75 | D:5      | Gained mutation: You are partially covered in molten
                  | scales. (AC +2) [demonic ancestry]
    75 | D:5      | Reached XP level 4. HP: 18/35 MP: 4/4
   149 | D:5      | Found a runed translucent door.
   150 | D:5      | Noticed dogverified's ghost (novice DEIE)
   174 | D:5      | Slain by an iguana

Illustrated notes

Levels and vault maps discovered:
D:5:      layout_cave_pods, mainiacjoe_overflow_paths,
          hellmonk_ghost_happy_afterlife, serial_shops,
          nicolae_shop_overgrown_old_shop

Skill      XL: |  1 |
---------------+----+-----
Maces & Flails | 2 |  2.0
Dodging        | 2 |  2.0
Stealth        | 5 |  5.7
Fighting       | |  3.3
Armour         | |  0.6
Evocations     | |  0.2

Action                     |  1- 3 |  4- 6 || total
---------------------------+-------+-------++-------
  Melee: Mace              |     3 |     7 ||    10
  Evoke: Wand              |     3 |       ||     3
 Armour: Leather armour    |     8 |     7 ||    15
  Dodge: Dodged            |     4 |     3 ||     7

Table legend: (Time is in decaauts)
 A = Elapsed time spent in this place.
 B = Non-inter-level travel time spent in this place.
 C = Inter-level travel time spent in this place.
 D = Time resting spent in this place.
 E = Time spent auto-exploring this place.
 F = Levels seen in this place.
 G = Mean time per level.
                   A        B        C        D        E       F      G
               +--------+--------+--------+--------+--------+-----+--------+
         Total |    176 |    176 |      0 |     67 |     19 |   1 |  176.0 |
       Dungeon |    176 |    176 |      0 |     67 |     19 |   1 |  176.0 |
               +--------+--------+--------+--------+--------+-----+--------+

Top non-repeatable levels by time:
     D:5: 176 daAuts
